 Dungeon Crawl Stone Soup version 0.31.0-32-g396128a36d (webtiles) character file.

Game seed: 17680796880630734235

1246 Tovical the Trooper (level 8, -13/53 HPs)
             Began as a Gargoyle Fighter on Mar 9, 2024.
             Was a Priest of Zin.
             Mangled by Duvessa
             ... wielding a +3 rapier of protection
              (17 damage)
             ... on level 5 of the Dungeon.
             The game lasted 00:39:09 (5533 turns).

Tovical the Trooper (Gargoyle Fighter)              Turns: 5533, Time: 00:39:09

Health: -13/53     AC: 23    Str: 19 (20) XL:     8   Next: 50%
Magic:  12/12      EV:  5    Int: 11      God:    Zin [***...]
Gold:   150        SH:  4    Dex:  9      Spells: 7/7 levels left

rFire   + . .        p - +6 mace
rCold   . . .        t - +0 buckler
rNeg    + . .        k - +0 plate armour
rPois   ∞            (no helmet)
rElec   +            d - +2 cloak
rCorr   .            (no gloves)
SInv    +            e - +2 pair of boots
Will    .....        (no amulet) Stlth
                     g - ring of see invisible
HPRegen 0.28/turn    r - ring of protection from fire
MPRegen 0.13/turn

%: no passive effects
@: mighty
A: sickness immunity, AC +5, negative energy resistance 1, electricity
resistance, torment resistance 1, petrification resistance
a: Renounce Religion, Recite, Vitalisation, Imprison, Donate Gold


You were on level 5 of the Dungeon.
You worshipped Zin.
Zin was most pleased with you.
You visited 2 branches of the dungeon, and saw 8 of its levels.

You collected 280 gold pieces.
You donated 130 gold pieces to Zin.

Inventory:

Hand Weapons
 a - a +1 flail
 b - a +0 hammer of holy wrath
 c - a +1 morningstar
 p - a +6 mace (weapon)
Missiles
 h - 4 poisoned darts (quivered)
Armour
 d - a +2 cloak (worn)
 e - a +2 pair of boots (worn)
 k - a +0 plate armour (worn)
 t - a +0 buckler (worn)
 v - a +0 ring mail of cold resistance
 w - a +2 robe of positive energy
Jewellery
 g - a ring of see invisible (left hand)
 r - a ring of protection from fire (right hand)
Wands
 j - a wand of roots (5)
Scrolls
 m - 2 scrolls of vulnerability
 n - 2 scrolls of enchant armour
 q - a scroll of fear
Potions
 i - a potion of brilliance
 l - 2 potions of magic
 o - 4 potions of enlightenment


   Skills:
 + Level 7.4 Fighting
 + Level 6.3 Maces & Flails
 - Level 3.2 Armour
 - Level 3.2 Shields
 + Level 5.3 Invocations


You had 7 spell levels left.
You didn't know any spells.
Your spell library contained the following spells:

 Spells                   Type           Power      Damage    Failure   Level
 Magic Dart               Conj           0%         1d3       100%        1
 Ensorcelled Hibernation  Hex/Ice        0%         N/A       100%        2
 Mercury Vapours          Alch/Air       0%         N/A       100%        2
 Searing Ray              Conj           0%         2d4       100%        2
 Mephitic Cloud           Conj/Alch/Air  0%         N/A       100%        3
 Passwall                 Erth           0%         N/A       100%        3
 Swiftness                Air            0%         N/A       100%        3
 Fulminant Prism          Conj/Alch      0%         3d5       100%        4
 Ignite Poison            Fire/Alch      0%         N/A       100%        4
 Sticky Flame             Fire/Alch      0%         2d4       100%        4
 Freezing Cloud           Conj/Ice/Air   0%         6-21      100%        5
 Ignition                 Fire           0%         3d3       100%        8


Dungeon Overview and Level Annotations

Branches:
Dungeon (7/15)             Temple (1/1) D:4

Altars:
Ashenzari
Cheibriados
Dithmenos
Hepliaklqana
Okawaru
Qazlal
Sif Muna
Trog
Uskayaw
Vehumet
Wu Jian
Xom
Yredelemnul
Zin
The Shining One

Shops:
D:5 (

Annotations:
D:4 Pikel
D:5 Duvessa


Innate Abilities, Weirdness & Mutations

You are immune to sickness and miasma.
Your stone body is resilient. (AC +5)
You are immune to poison.
You resist negative energy. (rN+)
You are resistant to electric shocks. (rElec)
You are resistant to unholy torment.
You are immune to petrification.


Message History

Duvessa closely misses you.
It was a potion of ambrosia.
You are confused.
You feel invigorated. Duvessa hits you but does no damage.
Duvessa hits you with a +3 rapier of protection!
* * * LOW HITPOINT WARNING * * *
It was a potion of heal wounds.
You feel much better.
Duvessa hits you with a +3 rapier of protection.
You feel very mighty all of a sudden. Duvessa hits you but does no damage. x2
You bump into the rock wall.
You are ready to recite again.
Duvessa hits you but does no damage.
You bump into the rock wall.
Duvessa completely misses you.
Duvessa hits you with a +3 rapier of protection!
You bump into the rock wall.
Duvessa hits you with a +3 rapier of protection!
You barely miss Duvessa.
Duvessa is moderately wounded.
Duvessa hits you with a +3 rapier of protection.
Duvessa hits you with a +3 rapier of protection!
* * * LOW HITPOINT WARNING * * *
You're too confused to move!
Duvessa hits you but does no damage.
You bump into the rock wall.
Duvessa hits you with a +3 rapier of protection.
* * * LOW HITPOINT WARNING * * *
Duvessa hits you with a +3 rapier of protection.
* * * LOW HITPOINT WARNING * * *
You are too confused!
You sock Duvessa!
Duvessa is heavily wounded.
You feel less invigorated.
You feel less confused. Duvessa hits you but does no damage.
You completely miss Duvessa.
Duvessa is heavily wounded.
Duvessa hits you with a +3 rapier of protection!
* * * LOW HITPOINT WARNING * * *
Duvessa hits you with a +3 rapier of protection!
You die...

#.#>.... #..)...# ####[g.#
#.gg. ############ ##..#
#..........# ########.g.
#.##(##.##.# ###.....##...
#.##.##.##.#######.#.....##...
#.##.........@e>..#......##.##
#.##.##.##.#######)#.....##.##
#.##.##.##.# ###...♣.♣..##
#..........# ###..♣.....
####.####### #......## ##.##
.......## #...# .#.##..#
####.#### #e##..### #.......#
#..#.....


You could see Duvessa (berserk).

Vanquished Creatures
  A centaur (D:6)
  2 lemures
  3 phantoms
  3 scorpions
  3 wights (D:6)
  Dowan (D:5)
  A bombardier beetle (D:5)
  3 hounds
  A quasit (D:4)
  Crazy Yiuf (D:4)
  2 jellies
  A sleepcap (D:6)
  Ijyb (D:5)
  An orc wizard (D:6)
  10 adders
  6 gnolls
  A shadow imp (D:5)
  A white imp (D:6)
  A dart slug (D:4)
  2 ribbon worms
  11 orcs
  7 endoplasms
  2 giant cockroaches
  7 goblins
  2 hobgoblins (D:2)
  4 quokkas
  5 ball pythons
  5 bats
  A frilled lizard (D:3)
  3 kobolds
  2 rats
94 creatures vanquished.

Notes
Turn   | Place    | Note
-------+----------+-------------------------------------------
     0 | D:1      | Tovical the Gargoyle Fighter began the quest for the Orb.
     0 | D:1      | Reached XP level 1. HP: 14/14 MP: 1/1
    15 | D:1      | You fall into a shaft and drop 1 floor!
    36 | D:2      | Identified the +0 leather armour of Impatience {rC+ Int+2
                  | SInv}
   464 | D:1      | Reached XP level 2. HP: 19/19 MP: 2/2
  1101 | D:2      | Reached skill level 4 in Fighting
  1101 | D:2      | Reached XP level 3. HP: 24/24 MP: 3/3
  1443 | D:3      | Reached XP level 4. HP: 30/30 MP: 4/4
  2171 | D:4      | Found a staircase to the Ecumenical Temple.
  2177 | Temple   | Entered the Ecumenical Temple
  2201 | Temple   | Became a worshipper of Zin the Law-Giver
  2201 | Temple   | Reached * piety under Zin
  2241 | D:5      | Entered Level 5 of the Dungeon
  2241 | D:5      | Noticed Ijyb
  2241 | D:5      | Noticed Duvessa
  2241 | D:5      | Noticed Dowan
  2257 | D:4      | Reached XP level 5. HP: 32/34 MP: 5/5
  2390 | D:4      | Found a shimmering blue altar of Sif Muna.
  2554 | D:4      | Found a runed translucent door.
  2556 | D:4      | Noticed Crazy Yiuf
  2566 | D:4      | Killed Crazy Yiuf
  2567 | D:4      | Reached skill level 5 in Fighting
  2567 | D:4      | Reached skill level 1 in Invocations
  2846 | D:5      | Noticed a phantom
  2892 | D:4      | Reached XP level 6. HP: 23/40 MP: 7/7
  2989 | D:4      | Found a broken altar of Ashenzari.
  3353 | D:5      | Noticed Pikel
  3539 | D:5      | Killed Ijyb
  3540 | D:5      | Reached XP level 7. HP: 16/45 MP: 9/9
  3670 | D:5      | Reached skill level 6 in Fighting
  3702 | D:5      | Reached skill level 5 in Maces & Flails
  3768 | D:4      | Donated 68 gold pieces to Zin
  3865 | D:4      | Donated 34 gold pieces to Zin
  4245 | D:5      | Found Jauloqem's Hydra Hut.
  4246 | D:5      | Noticed a five-headed hydra
  4557 | D:6      | Reached ** piety under Zin
  4913 | D:6      | Reached XP level 8. HP: 52/52 MP: 11/11
  5012 | D:6      | Reached skill level 7 in Fighting
  5284 | D:6      | Reached skill level 5 in Invocations
  5402 | D:5      | Reached *** piety under Zin
  5498 | D:5      | Killed Dowan
  5533 | D:5      | Mangled by Duvessa

Illustrated notes

Levels and vault maps discovered:
D:1:      psy_arrival_fountain, layout_basic, minmay_misc_feat_tower
D:2:      layout_basic
D:3:      layout_loops_cross
D:4:      minmay_wonky_spiral, layout_rooms, lemuel_round_altar,
          mainiacjoe_overflow_surrounded_room, minmay_temple_entry_steel_oval,
          minmay_unequal, uniq_crazy_yiuf_cottage
D:5:      layout_loops_cross, serial_demonic, serial_demonic_b,
          serial_demonic_e, serial_demonic_b, serial_demonic_c,
          doesnt_shop_hydraphobe, uniq_ijyb, uniq_pikel, uniq_duvessa
D:6:      layout_basic, nicolae_letterblocks [nicolae_letter_subblock,
          nicolae_letter_subblock, nicolae_letter_subblock,
          nicolae_letter_subblock, nicolae_letter_subblock,
          nicolae_letter_subblock, nicolae_letter_subblock,
          nicolae_letter_subblock, nicolae_letter_subblock,
          nicolae_letter_subblock, nicolae_letter_subblock,
          nicolae_letter_subblock, nicolae_letter_subblock,
          nicolae_letter_subblock, nicolae_letter_subblock,
          nicolae_letter_subblock, nicolae_letter_subblock,
          nicolae_letter_subblock, nicolae_letter_subblock,
          nicolae_letter_subblock, nicolae_letter_subblock,
          nicolae_letter_subblock, nicolae_letter_subblock,
          nicolae_letter_subblock, nicolae_letter_subblock]
D:7:      layout_gridville, serial_library_hellmonk_narrow_alcove,
          serial_library_hellmonk_room_c, uniq_maggie
Temple:   cyrus_circular_temple

Skill      XL: |  1  2  3  4  5  6  7  8 |
---------------+-------------------------+-----
Fighting       | 4 5 6 7 |  7.4
Maces & Flails | 3 4 5 6 |  6.3
Invocations    | 1 3 4 5 |  5.3
Armour         | |  3.2
Shields        | |  3.2

Action                     |  1- 3 |  4- 6 |  7- 9 || total
---------------------------+-------+-------+-------++-------
  Melee: Flail             |    69 |   150 |    60 ||   279
         Mace              |       |    46 |   152 ||   198
         Morningstar       |       |     2 |       ||     2
  Throw: Dart              |     5 |     2 |     3 ||    10
 Invoke: Recite            |       |     3 |     3 ||     6
         Donate Gold       |       |       |     2 ||     2
  Evoke: Wand              |       |       |     2 ||     2
    Use: Scroll            |     6 |     9 |     4 ||    19
         Potion            |       |     3 |     5 ||     8
   Stab: Confused          |       |     1 |       ||     1
         Invisible         |       |     1 |       ||     1
 Armour: Scale mail        |    32 |       |       ||    32
         Plate armour      |     5 |   307 |   286 ||   598
  Dodge: Dodged            |    39 |    89 |    49 ||   177
  Block: Buckler           |    13 |    47 |    44 ||   104
